 Dungeon Crawl Stone Soup version 0.30-a0-304-gdc4b735fe1 (webtiles) character file.

Game seed: 1816760407006729681

2035 purpskrrrp the Thaumaturge (level 9, -4/45 HPs)
             Began as a Deep Elf Conjurer on Oct 19, 2022.
             Was an Initiate of Vehumet.
             Slain by a troll (6 damage)
             ... on level 7 of the Dungeon on Oct 20, 2022.
             The game lasted 00:20:37 (7198 turns).

purpskrrrp the Thaumaturge (Deep Elf Conjurer)      Turns: 7198, Time: 00:20:37

Health: -4/45      AC:  5    Str:  4    XL:     9   Next: 4%
Magic:  1/23       EV: 15    Int: 28    God:    Vehumet [......]
Gold:   326        SH:  0    Dex: 13    Spells: 17/24 levels left

rFire   . . .      SeeInvis .    r - +7 sling "Jamaic" {flame, rC+ Will+}
rCold   + . .      Faith    .    (no shield)
rNeg    . . .      Spirit   .    a - +0 robe
rPois   .          Reflect  .    (no helmet)
rElec   .          Harm     .    d - +0 cloak
rCorr   .          Rampage  .    (no gloves)
Will    +....                    f - +1 pair of boots
Stlth   ++++......               j - amulet of regeneration
HPRegen 1.07/turn                (no ring)
MPRegen 0.18/turn                (no ring)

@: no status effects
A: no striking features
a: Renounce Religion


You were on level 7 of the Dungeon.
You worshipped Vehumet.
Vehumet was noncommittal.
You visited 1 branch of the dungeon, and saw 7 of its levels.

You collected 326 gold pieces.

Inventory:

Hand Weapons
 r - the +7 sling "Jamaic" (weapon) {flame, rC+ Will+}
   (You found it on level 4 of the Dungeon)

   Any ammunition fired from it burns those it strikes, dealing additional fire
   damage.
   rC:        It protects you from cold.
   Will:      It increases your willpower.
Armour
 a - a +0 robe (worn)
 d - a +0 cloak (worn)
 f - a +1 pair of boots (worn)
Jewellery
 j - an amulet of regeneration (around neck)
Wands
 n - a wand of flame (25)
 s - a wand of charming (18)
 t - a wand of polymorph (8)
Scrolls
 k - 2 scrolls of brand weapon
 o - 5 scrolls of teleportation
 p - a scroll of enchant weapon
 u - 2 scrolls of amnesia
Potions
 b - a potion of magic
 c - 3 potions of brilliance
 e - 5 potions of degeneration
 g - a potion of cancellation
 h - a potion of heal wounds
 i - 3 potions of might
 l - a potion of resistance
 m - 3 potions of curing
 q - a potion of experience
 v - 2 potions of lignification
 w - a potion of haste {unknown}


   Skills:
 + Level 7.3 Dodging
 + Level 7.9 Stealth
 + Level 8.1 Spellcasting
 + Level 7.7 Conjurations
 + Level 2.4 Translocations


You had 17 spell levels left.
You knew the following spells:

 Your Spells              Type           Power      Damage    Failure   Level
a - Magic Dart            Conj           100%       1d8       1%          1
b - Searing Ray           Conj           100%       2d8       1%          2
c - Iskenderun's Mystic   Conj/Tloc      40%        2d9       6%          4

Your spell library contained the following spells:

 Spells                   Type           Power      Damage    Failure   Level
 Dazzling Flash           Conj/Hex       66%        N/A       3%          3
 Cigotuvi's Dreadful Rot  Necr/Pois/Air  22%        N/A       8%          2
 Fulminant Prism          Conj/Hex       16%        3d11      10%         4
 Dispel Undead            Necr           11%        3d9       43%         4
 Alistair's Intoxication  Tmut/Pois      7%         N/A       80%         5
 Death Channel            Necr           5%         N/A       100%        6
 Eringya's Noxious Bog    Tmut/Pois      5%         N/A       100%        6
 Polar Vortex             Ice            5%         N/A       100%        9


Dungeon Overview and Level Annotations

Branches:
Dungeon (7/15)             Temple (0/1) D:5

Altars:
Cheibriados
Fedhas
Makhleb
Okawaru
Trog
Vehumet
Zin

Annotations:
D:4 3 runed translucent doors, Bediveer's ghost, amateur BaHu; sleeves's ghost, amateur FeHW


Message History

The searing ray hits the troll.
The troll is moderately wounded.
The searing ray misses the centaur.
You finish channelling your searing ray.
The troll bites you but does no damage. The troll barely misses you.
The troll claws you.
Casting: Searing Ray (safe; 1% risk of failure)
Confirm with . or Enter, or press ? or * to list all spells.
Aiming: Searing Ray (safe; 1% risk of failure)
Press: ? - help, Shift-Dir - straight line, f - centaur, p - troll
Aim: a centaur, wearing an amulet of reflection and quivering stones (reflecting blocked projectiles, 90% to hit)
The searing ray hits the troll.
The troll is moderately wounded.
The searing ray hits the centaur!
The centaur is moderately wounded. (Press . to maintain the ray.)
The troll closely misses you. The troll barely misses you.
The troll closely misses you.
The searing ray misses the troll.
The searing ray hits the centaur.
The centaur is heavily wounded.
The troll closely misses you. The troll claws you! The troll claws you.
The searing ray hits the troll!
The troll is heavily wounded.
The searing ray hits the centaur.
The centaur is heavily wounded.
The troll misses you. x2; The troll claws you.
The searing ray hits the troll.
The troll is heavily wounded.
The searing ray hits the centaur.
The centaur is severely wounded.
You finish channelling your searing ray.
The troll bites you!
* * * LOW HITPOINT WARNING * * *
The troll claws you but does no damage. The troll claws you!
* * * LOW HITPOINT WARNING * * *
As you read the scroll labelled PEASEKATZ IPLE, it crumbles to dust.
It is a scroll of brand weapon.
You aren't carrying any weapons that can be branded.
The troll completely misses you. The troll claws you.
You die...

####### #.....# #.....#
#.....# #.....# ## #.....#
###. #.....##### #c..#
#.........# #T#.#
#.....#.#.# #@#.#
#.....#<#.# #)#..
#.......#.####.#.# #
#####.##........)#.# .#
................)#.###.#
............[......#..# #
............#..#...#.##..#|:
............#...##....y[...y
............##.....#.###.#.o


You could see a troll and a centaur (reflecting).

Vanquished Creatures
  A kobold demonologist (D:6)
  Grinder (D:6)
  Sigmund (D:5)
  Eustachio (D:5)
  A vampire mosquito (D:7)
  2 sky beasts (D:6)
  An ice beast (D:5)
  An ogre (D:7)
  A bullfrog (D:7)
  4 scorpions
  A howler monkey (D:7)
  A hound (D:5)
  A jelly (D:4)
  4 orc priests
  2 iguanas
  An iron imp (D:6)
  Jessica (D:3)
  3 orc wizards
  3 adders
  A shadow imp (D:6)
  A white imp (D:5)
  2 worms
  11 orcs
  3 ball pythons
  5 bats
  5 endoplasms
  8 goblins
  3 hobgoblins
  3 quokkas
  2 frilled lizards (D:1)
  5 kobolds
  4 rats
84 creatures vanquished.

Notes
Turn   | Place    | Note
-------+----------+-------------------------------------------
     0 | D:1      | purpskrrrp the Deep Elf Conjurer began the quest for the
                  | Orb.
     0 | D:1      | Reached XP level 1. HP: 10/10 MP: 6/6
   387 | D:1      | Reached XP level 2. HP: 15/15 MP: 6/8
  1354 | D:2      | Found a faded altar of an unknown god.
  2087 | D:3      | Reached XP level 3. HP: 19/19 MP: 7/10
  2299 | D:3      | Noticed Jessica
  2301 | D:3      | Killed Jessica
  2302 | D:3      | Reached skill level 4 in Spellcasting
  2302 | D:3      | Reached skill level 5 in Conjurations
  2302 | D:3      | Reached XP level 4. HP: 24/24 MP: 9/12
  2434 | D:3      | Got the Treatise on Glacial Toxicity
  2742 | D:3      | Reached XP level 5. HP: 28/28 MP: 11/13
  2833 | D:3      | Found a burning altar of Makhleb.
  2981 | D:4      | Identified the +7 sling "Jamaic" {flame, rC+ Will+}
  3534 | D:4      | Found a bloodstained altar of Trog.
  3729 | D:4      | Reached XP level 6. HP: 7/32 MP: 4/15
  4143 | D:4      | Found a runed translucent gate.
  4144 | D:4      | Found a runed translucent gate.
  4144 | D:4      | Found a runed translucent gate.
  4145 | D:4      | Noticed Bediveer's ghost (amateur BaHu)
  4145 | D:4      | Noticed sleeves's ghost (amateur FeHW)
  4349 | D:5      | Entered Level 5 of the Dungeon
  4371 | D:5      | Noticed Eustachio
  4425 | D:5      | Killed Eustachio
  4426 | D:5      | Reached skill level 5 in Stealth
  4426 | D:5      | Reached skill level 5 in Spellcasting
  4548 | D:5      | Upgraded the game from 0.30-a0-297-g0ec75d9ef4 to
                  | 0.30-a0-304-gdc4b735fe1
  4551 | D:5      | Learned a level 2 spell: Searing Ray
  4556 | D:5      | Learned a level 4 spell: Iskenderun's Mystic Blast
  4606 | D:5      | Reached skill level 5 in Dodging
  4606 | D:5      | Reached XP level 7. HP: 36/36 MP: 11/17
  4696 | D:5      | Found a glowing silver altar of Zin.
  4696 | D:5      | Found a radiant altar of Vehumet.
  4696 | D:5      | Found a blossoming altar of Fedhas.
  4832 | D:5      | Became a worshipper of Vehumet
  4894 | D:5      | Found a staircase to the Ecumenical Temple.
  4955 | D:5      | Noticed Sigmund
  4973 | D:5      | Killed Sigmund
  4974 | D:5      | Reached skill level 6 in Spellcasting
  5073 | D:5      | Found an iron altar of Okawaru.
  5379 | D:5      | Reached XP level 8. HP: 39/41 MP: 1/20
  6184 | D:6      | Noticed a kobold demonologist
  6414 | D:6      | Killed a kobold demonologist
  6415 | D:6      | Reached skill level 7 in Spellcasting
  6476 | D:6      | Noticed Grinder
  6490 | D:6      | Killed Grinder
  6491 | D:6      | Reached skill level 1 in Translocations
  6722 | D:6      | Found a snail-covered altar of Cheibriados.
  7172 | D:7      | Reached skill level 8 in Spellcasting
  7187 | D:7      | Reached XP level 9. HP: 44/45 MP: 9/23
  7189 | D:7      | Noticed a troll
  7197 | D:7      | HP: 1/45 [troll (8)]
  7198 | D:7      | Slain by a troll

Illustrated notes

Levels and vault maps discovered:
D:1:      dpeg_arrival_simpleton_c, layout_basic, minmay_surrounded
D:2:      layout_loops_cross, hellmonk_ecumenical_altar_crossroads,
          grunt_decor_mini_mirrors
D:3:      layout_rooms, lightli_temple_of_fire, uniq_jessica
D:4:      layout_layer_cave, mainiacjoe_overflow_boulevard,
          gammafunk_ghost_cemetery, nicolae_figureground_sparkle
D:5:      layout_basic, okawaru_gym_becter, gammafunk_temple_overflow_claw,
          minmay_temple_entry_junction_2, uniq_sigmund, uniq_eustachio
D:6:      kennysheep_big_flooded_room, layout_loops_ring, slow_altar_1,
          uniq_grinder
D:7:      minmay_the_grid_square_5x5_3x3 [minmay_the_grid_square_5x5_inset,
          minmay_the_grid_square_5x5_hourglass, minmay_the_grid_square_5x5_meh,
          minmay_the_grid_square_5x5_trominoes,
          minmay_the_grid_square_5x5_megaprize_crossed,
          minmay_the_grid_square_5x5_bracketed,
          minmay_the_grid_square_5x5_two_walls_a,
          minmay_the_grid_square_5x5_slash, minmay_the_grid_square_5x5_inner_v],
          layout_rooms, elyvilon_altar_3, amcnicky_altar_gilded, serial_glass,
          glass_columns_b, glass_columns_a, nicolae_shop_sticking_my_neck_out,
          uniq_joseph

Skill      XL: |  1  2  3  4  5  6  7  8 |
---------------+-------------------------+-----
Stealth        | 3 4 5 6 7 |  7.9
Dodging        | 3 4 5 6 7 |  7.3
Spellcasting   | 4 5 6 8 |  8.1
Conjurations   | 5 6 7 |  7.7
Translocations | 2 |  2.4

Action                   |  1- 3 |  4- 6 |  7- 9 || total
-------------------------+-------+-------+-------++-------
Melee: Unarmed           |    27 |    27 |       ||    54
 Fire: Sling             |       |    34 |     4 ||    38
 Cast: Magic Dart        |    74 |    81 |    61 ||   216
       Searing Ray       |       |     1 |    20 ||    21
Evoke: Wand              |       |     6 |       ||     6
  Use: Scroll            |     9 |       |    11 ||    20
       Potion            |     1 |     2 |       ||     3
Armor: Robe              |    10 |    20 |    14 ||    44
Dodge: Dodged            |    17 |    55 |    29 ||   101

Table legend: (Time is in decaauts)
 A = Elapsed time spent in this place.
 B = Non-inter-level travel time spent in this place.
 C = Inter-level travel time spent in this place.
 D = Time resting spent in this place.
 E = Time spent auto-exploring this place.
 F = Levels seen in this place.
 G = Mean time per level.
                   A        B        C        D        E       F      G
               +--------+--------+--------+--------+--------+-----+--------+
         Total |   7211 |   6780 |    431 |   1480 |   4513 |   7 | 1030.1 |
       Dungeon |   7211 |   6780 |    431 |   1480 |   4513 |   7 | 1030.1 |
               +--------+--------+--------+--------+--------+-----+--------+

Top non-repeatable levels by time:
     D:5: 1677 daAuts
     D:4: 1379 daAuts
     D:2: 1081 daAuts
     D:6: 1061 daAuts
     D:1: 1048 daAuts
     D:3: 839 daAuts
     D:7: 123 daAuts
